 Dungeon Crawl Stone Soup version 0.23-a0-87-g5f73bc1 (webtiles) character file.

25468 CanOfBees the Destroyer (level 13, -3/83 HPs)
             Began as a Tengu Air Elementalist on Aug 15, 2018.
             Was a Priest of Vehumet.
             Slain by an entropy weaver
             ... wielding a +1 great sword of protection
              (12 damage)
             ... on level 4 of the Lair of Beasts.
             The game lasted 00:54:49 (24767 turns).

CanOfBees the Destroyer (Tengu Air Elementalist)   Turns: 24767, Time: 00:54:50

Health: -3/83      AC:  2    Str: 10    XL:     13   Next: 19%
Magic:  13/27      EV: 13    Int: 17    God:    Vehumet [***...]
Gold:   529        SH: 12    Dex: 17    Spells: 9/31 levels left

rFire    . . .     SeeInvis .   f - +4 dagger (venom)
rCold    . . .     Gourm    .   O - +3 buckler
rNeg     + . .     Faith    .   y - +3 leather armour
rPois    +         Spirit   .   x - +2 hat
rElec    .         Reflect  .   W - +2 cloak {rPois}
rCorr    .         Harm     .   u - +2 pair of gloves
MR       .....                  (boots unavailable)
Stlth    +++.......             p - amulet of magic regeneration
HPRegen  0.23/turn              k - ring of positive energy
MPRegen  0.45/turn              a - ring of stealth

@: corroded
A: beak, talons 3, large bone plates 1, thin skeletal structure 1, dopey 1, able
to fly 1
a: Fly, Renounce Religion


You were on level 4 of the Lair of Beasts.
You worshipped Vehumet.
Vehumet was most pleased with you.
You were not hungry.

You visited 3 branches of the dungeon, and saw 15 of its levels.
You also visited: Ossuary.

You collected 859 gold pieces.
You spent 330 gold pieces at shops.

Inventory:

Hand Weapons
 f - a +4 dagger of venom (weapon)
 v - a +2 spear of flaming
 X - the +4 rapier of Valour {holy, rElec}
   (You took it off an orc priest on level 10 of the Dungeon)

   It has been blessed by the Shining One to cause great damage to the undead
   and demons.
   It insulates you from electricity.
Missiles
 m - 2 javelins (quivered)
Armour
 u - a +2 pair of gloves (worn)
 x - a +2 hat (worn)
 y - a +3 leather armour (worn)
 O - a +3 buckler (worn)
 W - a +2 cloak of poison resistance (worn)
Jewellery
 a - a ring of stealth (right hand)
 d - an uncursed ring of wizardry
 k - a ring of positive energy (left hand)
 l - an uncursed ring of flight {unknown}
 p - an amulet of magic regeneration (around neck)
Wands
 e - a wand of polymorph (10)
 n - a wand of flame (35)
 o - a wand of iceblast (5)
 z - a wand of random effects (25)
 M - a wand of paralysis (11)
 N - a wand of digging (10)
 U - a wand of enslavement (28)
Scrolls
 b - 12 scrolls of remove curse
 g - 2 scrolls of blinking
 i - 8 scrolls of teleportation
 q - 3 scrolls of fog
 r - a scroll of immolation
 I - a scroll of fear
 J - 3 scrolls of magic mapping
Potions
 h - a potion of resistance {unknown}
 j - 2 potions of cancellation
 s - 9 potions of curing
 w - a potion of brilliance
 A - 3 potions of might
 B - 6 potions of agility
 E - a potion of flight
 F - a potion of mutation
 G - 2 potions of ambrosia
 H - a potion of berserk rage
 K - 2 potions of haste
Comestibles
 c - 14 rations
 t - a chunk of flesh


   Skills:
 + Level 10.3 Fighting
 + Level 6.9 Short Blades
 - Level 4.0 Armour
 + Level 3.1 Dodging
 - Level 2.0 Stealth
 - Level 4.0 Shields
 + Level 9.9 Spellcasting
 - Level 12.2 Conjurations
 + Level 2.9 Charms
 - Level 3.2 Fire Magic
 - Level 12.0 Air Magic


You had 9 spell levels left.
You knew the following spells:

 Your Spells              Type           Power        Failure   Level  Hunger
a - Shock                 Conj/Air       ####         1%          1    None
b - Static Discharge      Conj/Air       #####...     1%          3    None
c - Airstrike             Air            #####.....   1%          4    ###....
d - Lightning Bolt        Conj/Air       #####.....   1%          5    #####..
e - Conjure Flame         Conj/Fire      ####....     1%          3    None
f - Deflect Missiles      Chrm/Air       ####......   63%         6    ######.

Your spell library contained the following spells:

 Spells                   Type           Power        Failure   Level  Hunger
 Cause Fear               Hex            #.........   75%         4    ###....
 Confuse                  Hex            #.......     34%         3    None
 Regeneration             Chrm/Necr      ##........   19%         3    None
 Swiftness                Chrm/Air       ####....     1%          2    None
 Confusing Touch          Hex            #.....       12%         1    None
 Metabolic Englaciation   Hex/Ice        #.........   97%         5    #####..
 Silence                  Hex/Air        ####......   26%         5    #####..
 Petrify                  Tmut/Erth      #.......     75%         4    ###....
 Shroud of Golubria       Chrm/Tloc      ##........   10%         2    None
 Infusion                 Chrm           ###.         3%          1    None
 Song of Slaying          Chrm           ###.....     4%          2    None
 Spectral Weapon          Hex/Chrm       ##......     19%         3    None
 Discord                  Hex            #.........   100%        8    #######
 Gell's Gravitas          Tloc           #.........   34%         3    None
 Yara's Violent Unravell  Hex/Tmut       #.........   58%         5    #####..


Dungeon Overview and Level Annotations

Branches:
Dungeon (10/15)            Temple (1/1) D:7            Lair (4/6) D:9
 Shoals (0/4) Lair:4        Snake (0/4) Lair:4          Orc (0/2) D:9

Altars:
Ashenzari
Cheibriados
Dithmenos
Elyvilon
Fedhas
Gozag
Hepliaklqana
Kikubaaqudgha
Makhleb
Nemelex Xobeh
Okawaru
Qazlal
Ru
Sif Muna
Trog
Uskayaw
Vehumet
Wu Jian
Xom
Yredelemnul
Zin
The Shining One

Shops:
D:7 (   D:9 %   D:10 =

Annotations:
D:6 1 runed door, charlessucks's ghost, novice DDFi


Innate Abilities, Weirdness & Mutations

You have a beak for a mouth.
You have claws for feet.
You can fly.
You are partially covered in large bone plates. (SH +4)
You have a somewhat thin skeletal structure. (Dex +2, Stealth)
You are dopey. (Int -2)


Message History

The bolt of lightning hits the entropy weaver.
The entropy weaver appears unharmed.
The entropy weaver is severely wounded.
The entropy weaver hits you with a great sword of protection.
* * * LOW HITPOINT WARNING * * *
The entropy weaver closely misses you.
The entropy weaver hits you but does no damage.
You block the entropy weaver's attack.
Casting: Lightning Bolt (safe; 1% risk of failure)
Confirm with . or Enter, or press ? or * to list all spells.
Aiming: Lightning Bolt (safe; 1% risk of failure)
Press: ? - help, Shift-Dir - straight line You hear a mighty clap of thunder!
The bolt of lightning misses the entropy weaver. x2
The entropy weaver hits you with a great sword of protection.
* * * LOW HITPOINT WARNING * * *
The entropy weaver hits you with a great sword of protection.
* * * LOW HITPOINT WARNING * * *
The entropy weaver hits you with a great sword of protection!
You die...

##P## ## #### ####.##.
#...##P#####..###.#.###.
#..............>.......#
###..###.###...####....#
#P.) #P...#..# #P..#
#.†..# #..# ####..#.#
#..## ##a..# ...#
##...###..# ##.†.# ...#
#...#....# #.†... ...##
##@.....### ###....
.Sr.##
##a......###......
.a...##
##.#.....###.......
<.....#
###..................
......###
###.#..................
..##....#
#.#.a..####............
.####...####...##.#
##........... .#
##........#####
##.......... .#
#.......### #.........P.


You could see an entropy weaver.

Vanquished Creatures
  Gastronok (Lair:3)
  An entropy weaver (Lair:4)
  2 hydras (Lair:3)
  3 two-headed ogres
  A queen ant (Lair:3)
  An unseen horror (D:10)
  A merfolk siren (Lair:4)
  2 black mambas
  6 spiny frogs
  A rime drake (Lair:4)
  6 komodo dragons
  A hornet (D:10)
  4 hippogriffs
  3 blink frogs
  A wyvern (D:9)
  24 yaks
  3 basilisks
  3 hungry ghosts
  A steam dragon (Lair:3)
  Menkaure (D:7)
  16 soldier ants
  10 porcupines
  5 water moccasins
  2 ice beasts
  A sky beast (D:10)
  A black bear (D:7)
  A necrophage (D:5)
  4 phantoms
  5 ogres
  2 centaurs
  A crocodile (Lair:3)
  6 bullfrogs
  11 scorpions
  11 killer bees
  5 wights (D:10)
  3 centaur zombies (Ossuary)
  5 crimson imps
  A human zombie (Ossuary)
  A jelly (D:10)
  3 hounds
  2 centaur skeletons
  A bullfrog skeleton (D:8)
  4 orc priests
  4 iguanas
  Ijyb (D:4)
  Natasha (twice) (D:3)
  3 orc wizards
  15 worker ants
  A killer bee zombie (D:8)
  2 big kobold zombies (Ossuary)
  3 mummies (Ossuary)
  Robin (D:3)
  16 adders
  3 gnolls (D:4)
  3 scorpion zombies (Ossuary)
  2 shadow imps
  An ooze (D:1)
  An adder zombie (D:8)
  6 worms (D:2)
  3 leopard geckos
  18 orcs
  A ball python (D:4)
  4 giant cockroaches
  A gnoll zombie (Ossuary)
  10 goblins
  15 hobgoblins
  8 jackals
  8 kobolds
  3 quokkas
  8 bats
  8 frilled lizards
  2 goblin zombies (Ossuary)
  A hobgoblin zombie (Ossuary)
  3 kobold zombies (Ossuary)
  An orc zombie (Ossuary)
  9 rats
  A fungus (Lair:4)
  A plant (D:3)
336 creatures vanquished.

Vanquished Creatures (others)
  3 yaks (Lair:3)
  2 scorpion zombies (Ossuary)
  9 fungi
  15 plants
29 creatures vanquished.

Grand Total: 365 creatures vanquished

Notes
Turn   | Place    | Note
-------+----------+-------------------------------------------
     0 | D:1      | CanOfBees the Tengu Air Elementalist began the quest for the Orb.
     0 | D:1      | Reached XP level 1. HP: 10/10 MP: 4/4
   233 | D:1      | Reached XP level 2. HP: 16/16 MP: 1/6
   989 | D:1      | Reached skill level 1 in Fighting
  1050 | D:1      | Reached XP level 3. HP: 19/20 MP: 4/7
  1916 | D:2      | Reached XP level 4. HP: 25/25 MP: 8/8
  2360 | D:2      | Learned a level 3 spell: Static Discharge
  2365 | D:2      | Learned a level 4 spell: Airstrike
  2396 | D:2      | Noticed a moth of wrath
  2399 | D:2      | Found a bloodstained altar of Trog.
  3161 | D:2      | Reached skill level 5 in Air Magic
  3252 | D:2      | Gained mutation: You can fly. [Tengu growth]
  3252 | D:2      | Reached XP level 5. HP: 30/30 MP: 0/10
  3748 | D:3      | Noticed Robin
  3775 | D:3      | Killed Robin
  4001 | D:3      | Found a shattered altar of Ashenzari.
  4408 | D:3      | Reached XP level 6. HP: 29/36 MP: 4/11
  4792 | D:3      | Noticed Natasha
  4796 | D:3      | Killed Natasha
  4942 | D:3      | Noticed Natasha
  4953 | D:3      | Killed Natasha
  5183 | D:4      | Noticed Ijyb
  5510 | D:4      | Killed Ijyb
  5577 | D:4      | Found a sand-covered staircase.
  5580 | D:4      | Reached XP level 7. HP: 34/41 MP: 10/13
  5588 | Ossuary  | Entered an ossuary
  6007 | Ossuary  | Reached skill level 5 in Conjurations
  6474 | Ossuary  | Reached XP level 8. HP: 48/48 MP: 2/15
  7116 | Ossuary  | Learned a level 4 spell: Airstrike
  7122 | Ossuary  | Learned a level 5 spell: Lightning Bolt
  7435 | D:4      | You fall through a shaft for 2 floors!
  7461 | D:5      | Entered Level 5 of the Dungeon
  7502 | D:5      | Reached skill level 5 in Spellcasting
  7677 | D:5      | Reached skill level 5 in Fighting
  8784 | D:5      | Got a crude robe
  8796 | D:5      | Identified the cursed +1 robe of Lies {rC+ MP-9 Dex+4 Slay+3} (You found it on level 5 of the Dungeon)
  8919 | D:5      | Reached XP level 9. HP: 54/54 MP: 9/18
  9735 | D:6      | Noticed charlessucks's ghost (novice DDFi)
  9744 | D:6      | Found a runed door.
  9977 | D:7      | Found a staircase to the Ecumenical Temple.
  9987 | Temple   | Entered the Ecumenical Temple
 10213 | Temple   | Became a worshipper of Vehumet
 10278 | D:7      | Noticed Menkaure
 10287 | D:7      | Killed Menkaure
 11220 | D:7      | Found Yrraufad's Weapon Emporium.
 11246 | D:7      | Reached skill level 1 in Shields
 11695 | D:7      | Gained mutation: You are dopey. (Int -2) [potion of mutation]
 11695 | D:7      | Gained mutation: You have a somewhat thin skeletal structure. (Dex +2, Stealth) [potion of mutation]
 11695 | D:7      | Gained mutation: You are partially covered in large bone plates. (SH +4) [potion of mutation]
 11878 | D:8      | Noticed a two-headed ogre
 11886 | D:8      | Killed a two-headed ogre
 12227 | D:8      | Found a hide-covered altar of Uskayaw.
 12268 | D:8      | Reached XP level 10. HP: 61/61 MP: 7/20
 12467 | D:8      | Noticed a two-headed ogre
 12472 | D:8      | Killed a two-headed ogre
 12472 | D:8      | Reached skill level 10 in Air Magic
 12985 | D:8      | Found a shimmering altar of Xom.
 13259 | D:9      | Found a staircase to the Orcish Mines.
 13332 | D:9      | Found Zadwipug's Food Boutique.
 14244 | D:9      | Reached * piety under Vehumet
 14244 | D:9      | Offered knowledge of Sandblast by Vehumet.
 14244 | D:9      | Reached skill level 1 in Armour
 14451 | D:4      | Identified the +2 ring mail of the Solstice {rPois rC+++ MR- SInv} (You found it on level 4 of the Dungeon)
 14947 | D:9      | Found a staircase to the Lair.
 15224 | D:9      | Reached skill level 10 in Conjurations
 15496 | D:10     | Entered Level 10 of the Dungeon
 15505 | D:10     | Reached XP level 11. HP: 68/68 MP: 3/23
 15664 | D:10     | Found Qabboir's Jewellery Boutique.
 15727 | D:10     | Bought an uncursed amulet of magic regeneration for 330 gold pieces
 15745 | D:10     | Noticed a two-headed ogre
 15748 | D:10     | Killed a two-headed ogre
 16495 | D:10     | Got an encrusted rapier {holy}
 16560 | D:10     | Identified the +4 rapier of Valour {holy, rElec} (You took it off an orc priest on level 10 of the Dungeon)
 17024 | D:10     | Noticed an unseen horror
 17035 | D:10     | Killed an unseen horror
 17114 | Lair:1   | Entered Level 1 of the Lair of Beasts
 17917 | Lair:1   | Reached skill level 1 in Short Blades
 18817 | Lair:2   | Reached ** piety under Vehumet
 19018 | Lair:1   | Offered knowledge of Throw Frost by Vehumet.
 19987 | Lair:2   | Reached XP level 12. HP: 55/75 MP: 14/25
 20443 | Lair:3   | Noticed Gastronok
 20873 | Lair:3   | Noticed an eight-headed hydra
 20883 | Lair:3   | Killed an eight-headed hydra
 21112 | Lair:3   | Noticed a six-headed hydra
 21115 | Lair:3   | Killed a six-headed hydra
 21529 | Lair:3   | Killed Gastronok
 21529 | Lair:3   | Reached skill level 5 in Short Blades
 21718 | Lair:3   | Offered knowledge of Conjure Flame by Vehumet.
 21737 | Lair:3   | Learned a level 3 spell: Conjure Flame
 21744 | Lair:3   | Learned a level 6 spell: Deflect Missiles
 21953 | Lair:3   | Reached skill level 1 in Fire Magic
 22363 | Lair:4   | Reached skill level 1 in Charms
 22434 | Lair:4   | Found a staircase to the Shoals.
 22877 | Lair:4   | Found a staircase to the Snake Pit.
 23241 | Lair:4   | Reached skill level 10 in Fighting
 23458 | Lair:4   | Reached *** piety under Vehumet
 23794 | Lair:4   | Reached XP level 13. HP: 77/82 MP: 18/27
 24050 | Lair:4   | Offered knowledge of Sticky Flame by Vehumet.
 24063 | Lair:4   | Noticed an entropy weaver
 24080 | Lair:4   | Noticed an entropy weaver
 24554 | Lair:4   | Killed an entropy weaver
 24767 | Lair:4   | Slain by an entropy weaver

Vault maps used:
D:1:      minmay_arrival_hallway, minmay_vboxes
D:2:      minmay_kobold_bridge, tgw_trog, minmay_tromino_v4_a
D:3:      nicolae_overflow_hidden_temple, serial_bayou, serial_bayou_ford_a,
          serial_bayou_pond_e, serial_bayou_lagoon_a, serial_bayou_shore_b,
          serial_bayou_lake_a, first_ration, uniq_robin, uniq_natasha
D:4:      lightli_ossuary_entry_decrepit_ruins, uniq_ijyb
D:6:      hellmonk_ghost_happy_afterlife
D:7:      minmay_temple_entry_glass, serial_shops, shop_fountains, uniq_menkaure
D:8:      kennysheep_little_box, lemuel_crystal_altar
D:9:      dpeg_oklobed_lair, orc_0_dummy, serial_shops, shop
D:10:     serial_shops, shop
Temple:   dpeg_five_rooms_temple
Lair:1:   serial_bayou_shore_b, serial_bayou_shore_b, grunt_megastairs_1,
          infiniplex_staircase_pool
Lair:2:   beast_lair_carwin_large_2, lemuel_fruit_fields, grunt_megastairs_4
Lair:3:   patterned_corridor, uniq_gastronok
Lair:4:   minmay_shoals_entry_lonely_mermaid, dummy_snake_entry,
          zaba_antful_of_joy
Ossuary:  ossuary_minmay_scorpions

Skill      XL: |  1  2  3  4  5  6  7  8  9 10 11 12 13 |
---------------+----------------------------------------+-----
Conjurations   | 2 3 4 5 7 8 10 11 12 | 12.2
Fighting       | 1 2 3 4 5 6 7 8 10 | 10.3
Air Magic      | 5 6 8 9 10 12 | 12.0
Spellcasting   | 3 4 5 6 7 8 9 |  9.9
Shields        | 2 4 |  4.0
Armour         | 2 4 |  4.0
Short Blades   | 3 6 |  6.9
Fire Magic     | 3 |  3.2
Charms         | 2 |  2.9
Dodging        | 3 |  3.1
Stealth        | |  2.0

Action                   |  1- 3 |  4- 6 |  7- 9 | 10-12 | 13-15 || total
-------------------------+-------+-------+-------+-------+-------++-------
Melee: Kick              |     3 |    10 |    22 |    80 |    20 ||   135
       Unarmed           |     2 |       |       |       |       ||     2
       Dagger            |     1 |    53 |    88 |   235 |    55 ||   432
       Peck              |       |     5 |    17 |    57 |    13 ||    92
       Spear             |       |       |     8 |       |       ||     8
       Rapier            |       |       |       |    16 |       ||    16
Throw: Javelin           |       |       |       |     4 |       ||     4
 Cast: Shock             |    72 |   138 |   116 |    46 |    32 ||   404
       Static Discharge  |       |     6 |    13 |    11 |     4 ||    34
       Airstrike         |       |     3 |    33 |   153 |     7 ||   196
       Lightning Bolt    |       |       |     1 |    56 |     8 ||    65
 Abil: Fly               |       |       |       |     1 |     1 ||     2
Evoke: Wand              |       |       |    15 |    33 |     5 ||    53
  Use: Scroll            |     3 |     5 |     7 |    15 |     3 ||    33
       Potion            |       |       |     6 |     3 |     1 ||    10
 Stab: Sleeping          |       |     2 |     2 |       |       ||     4
       Paralysed         |       |       |     5 |       |       ||     5
       Invisible         |       |       |       |     2 |       ||     2
       Distracted        |       |       |       |       |     1 ||     1
  Eat: Chunk             |     4 |    11 |    13 |    44 |       ||    72
       Ration            |       |       |     5 |     7 |     2 ||    14
Armor: Robe              |       |    13 |    42 |     3 |       ||    58
       Leather armour    |       |       |       |    36 |    11 ||    47
       Ring mail         |       |       |       |    17 |       ||    17
Dodge: Dodged            |     7 |    30 |    70 |    93 |    20 ||   220
Block: Buckler           |       |       |     4 |   129 |    38 ||   171

Table legend:
 A = Non-vault XP
 B = Vault XP
 C = Vault XP percentage of total XP
 D = Non-vault monster count
 E = Vault monster count
 F = Vault count percentage of total count
 G = Total turns spent on level
                 A         B        C        D         E       F
            +---------+---------+-------+---------+---------+-------
      Total |   25622 |   10761 |  29.6 |     241 |      95 |  28.3
            +---------+---------+-------+---------+---------+-------
        D:1 |      28 |      13 |  31.7 |      19 |       5 |  20.8
        D:2 |      97 |      27 |  21.8 |      25 |      13 |  34.2
        D:3 |     196 |      69 |  26.0 |      18 |      12 |  40.0
        D:4 |     456 |      36 |   7.3 |      17 |       1 |   5.6
        D:5 |     670 |       0 |   0.0 |      17 |       0 |   0.0
        D:6 |      93 |       0 |   0.0 |       3 |       0 |   0.0
        D:7 |     633 |     172 |  21.4 |       7 |       1 |  12.5
        D:8 |    3173 |       0 |   0.0 |      25 |       0 |   0.0
        D:9 |    2262 |       0 |   0.0 |      21 |       0 |   0.0
       D:10 |    3345 |       0 |   0.0 |      29 |       0 |   0.0
     Lair:1 |    1524 |     100 |   6.2 |       8 |       1 |  11.1
     Lair:2 |    3795 |    1696 |  30.9 |      18 |       7 |  28.0
     Lair:3 |    6100 |    3285 |  35.0 |      22 |       3 |  12.0
     Lair:4 |    3250 |    4491 |  58.0 |      12 |      22 |  64.7
    Ossuary |       0 |     872 | 100.0 |       0 |      30 | 100.0
            +---------+---------+-------+---------+---------+-------
